 Dungeon Crawl Stone Soup version 0.26.1-11-gd32895ea62 (webtiles) character file.

Game seed: 14344843359601395024

75 Zeld the Slasher (level 4, -4/31 HPs)
             Began as an Octopode Monk on May 19, 2021.
             Killed from afar by an orc wizard (10 damage)
             ... with a puff of frost
             ... on level 4 of the Dungeon.
             The game lasted 00:01:21 (1166 turns).

Zeld the Slasher (Octopode Monk)                    Turns: 1166, Time: 00:01:22

Health: -4/31      AC:  1    Str: 11    XL:     4   Next: 31%
Magic:  4/4        EV: 14    Int: 12    God:
Gold:   35         SH:  0    Dex: 14    Spells: 3/3 levels left

rFire    . . .     SeeInvis .   a - +0 falchion
rCold    . . .     Faith    .   (no shield)
rNeg     . . .     Spirit   .   (helmet restricted)
rPois    .         Reflect  .   (no amulet)
rElec    .         Harm     .   (no ring)
rCorr    .         Rampage  .   (no ring)
Will     .....                  (no ring)
Stlth    +++.......             (no ring)
HPRegen  0.10/turn              (no ring)
MPRegen  0.09/turn              (no ring)
                                (no ring)
                                (no ring)

@: no status effects
A: almost no armour, stealthy swim, amphibious, 8 rings, constrict 8, camouflage
1, gelatinous body 1
a: no special abilities


You were on level 4 of the Dungeon.
You visited 1 branch of the dungeon, and saw 4 of its levels.

You collected 35 gold pieces.

Inventory:

Hand Weapons
 a - a +0 falchion (weapon)
Jewellery
 c - an uncursed ring of flight {unknown}
 e - a cursed -4 ring of dexterity {unknown}
Scrolls
 b - a scroll of teleportation {unknown}
 f - a scroll of identify {unknown}
Potions
 d - 2 potions of curing {unknown}
 g - a potion of lignification {unknown}
 h - a potion of mutation {unknown}


   Skills:
 - Level 3.0 Fighting
 * Level 5.0 Long Blades
 - Level 3.0 Dodging
 - Level 2.6 Stealth


You had 3 spell levels left.
You didn't know any spells.
Your spell library was empty.

Dungeon Overview and Level Annotations

Branches:
Dungeon (4/15)
 Temple: D:4-7

Altars:
Zin


Innate Abilities, Weirdness & Mutations

You cannot wear most types of armour.
You are very stealthy in the water. (Stealth+)
You are amphibious.
You can wear up to eight rings at the same time.
You can use your tentacles to constrict eight enemies at once.
Your skin changes colour to match your surroundings (Stealth+).
Your rubbery body absorbs attacks. (AC +1, EV +1)


Message History

The orc wizard casts a spell at you. You resist with some effort.
There is a glowing silver altar of Zin here.
The orc wizard begins to cast a cantrip, but forgets the words!
The orc wizard points at itself and mumbles some strange words.
The orc wizard flickers and vanishes!
Deactivating autopickup; reactivate with Ctrl-A.
The orc closely misses you.
A puff of flame appears from out of thin air!
The puff of flame misses you.
The orc wizard casts a spell at itself.
The orc wizard flickers and vanishes!
Something hits you. Something hits you.
A magic dart appears from out of thin air!
The magic dart hits you.
* * * LOW HITPOINT WARNING * * *
A puff of frost appears from out of thin air!
The puff of frost hits you!
You die...

.o...........#.# ###...
.#.♣♣._.♣..#...# ### #### ####
####.♣♣♣♣###...# #.# #..#
...###############>###..##
o........................# #
.....o..##########.###.#.# #
..#.....# #........#.#.########
..#.###.#####.####.#.#.#.#.......
........o.o..{..@.<....#.#.######
.##.###.#####.####.###.#.#.#
....# #.# #.####.###.#...# #####
#.# #........#.###.#
#.##########.#.#.# ###
#................#
#.############.### #. ### #.


You could see an orc.

Vanquished Creatures
  A scorpion (D:4)
  4 orcs (D:3)
  4 giant cockroaches
  5 hobgoblins
  A goblin (D:1)
  2 kobolds
  2 rats
19 creatures vanquished.

Notes
Turn   | Place    | Note
-------+----------+-------------------------------------------
     0 | D:1      | Zeld the Octopode Monk began the quest for the Orb.
     0 | D:1      | Reached XP level 1. HP: 16/16 MP: 1/1
   349 | D:1      | Reached XP level 2. HP: 17/21 MP: 2/2
   579 | D:3      | Reached skill level 4 in Long Blades
   585 | D:3      | Reached XP level 3. HP: 17/26 MP: 3/3
   903 | D:4      | Noticed a scorpion
   951 | D:4      | Killed a scorpion
   952 | D:4      | Reached skill level 5 in Long Blades
   952 | D:4      | Reached XP level 4. HP: 20/31 MP: 4/4
   962 | D:4      | Found a glowing silver altar of Zin.
  1166 | D:4      | Killed from afar by an orc wizard

Illustrated notes

Levels and vault maps discovered:
D:1:      elethiomel_arrival_infinity_welcomes_careful_drivers,
          layout_loops_cross
D:2:      layout_basic, minitemple
D:3:      layout_basic, corner_web_ring, uniq_robin, uniq_grinder
D:4:      layout_basic, zin_academy, minmay_temple_entry_tees, serial_curves,
          eino_curves_01, eino_curves_03, eino_curves_02, minmay_box_of_dots

Skill      XL: |  1  2  3 |
---------------+----------+-----
Long Blades    | 4 5 |  5.0
Fighting       | |  3.0
Dodging        | |  3.0
Stealth        | |  2.6

Action                   |  1- 3 |  4- 6 || total
-------------------------+-------+-------++-------
Melee: Falchion          |    36 |       ||    36
       Constrict         |    15 |       ||    15
       Tentacles         |    10 |       ||    10
 Stab: Sleeping          |     2 |       ||     2
Armor: Skin              |     2 |       ||     2
Dodge: Dodged            |    24 |     4 ||    28
       Rpst.: Falchion   |    11 |       ||    11
